 Dungeon Crawl Stone Soup version 0.23.2-11-gf996548 (webtiles) character file.

Game seed: 17826500529335686126

95 Fang the Skirmisher (level 4, -1/29 HPs)
             Began as a Gargoyle Berserker on June 5, 2019.
             Was a Believer of Trog.
             Slain by Natasha (7 damage)
             ... on level 2 of the Dungeon.
             The game lasted 00:01:15 (1595 turns).

Fang the Skirmisher (Gargoyle Berserker)            Turns: 1595, Time: 00:01:16

Health: -1/29      AC:  5    Str: 21    XL:     4   Next: 65%
Magic:  4/4        EV: 12    Int:  8    God:    Trog [**....]
Gold:   152        SH:  0    Dex:  9    Spells: 3/3 levels left

rFire    . . .     SeeInvis .   a - +0 war axe
rCold    . . .     Gourm    .   (no shield)
rNeg     + . .     Faith    .   b - +0 animal skin
rPois    ∞         Spirit   .   (no helmet)
rElec    +         Reflect  .   (no cloak)
rCorr    .         Harm     .   (no gloves)
MR       .....                  (no boots)
Stlth    +.........             (no amulet)
HPRegen  0.09/turn              (no ring)
MPRegen  0.09/turn              (no ring)

@: slowed, very slow
A: negative energy resistance 1, electricity resistance, unbreathing,
petrification resistance, rot immunity, AC +3
a: Berserk, Trog's Hand, Renounce Religion


You were on level 2 of the Dungeon.
You worshipped Trog.
Trog was pleased with you.
You were not hungry.

You visited 1 branch of the dungeon, and saw 2 of its levels.

You collected 152 gold pieces.

Inventory:

Hand Weapons
 a - a +0 war axe (weapon)
Armour
 b - a +0 animal skin (worn)
Scrolls
 f - a scroll of teleportation {unknown}
 g - 2 scrolls of enchant armour {unknown}
 h - 5 scrolls of identify {unknown}
 l - a scroll of fog {unknown}
 m - a scroll of fear {unknown}
 n - 2 scrolls of immolation {unknown}
Potions
 d - 2 potions of heal wounds {unknown}
 e - a potion of lignification {unknown}
 i - a potion of curing {unknown}
 k - a potion of resistance {unknown}
Comestibles
 c - 5 rations
 j - 19 chunks of flesh


   Skills:
 + Level 4.1 Fighting
 + Level 3.3 Axes
 + Level 3.1 Armour
 + Level 2.3 Dodging


You had 3 spell levels left.
You didn't know any spells.
Your spell library was empty.

Dungeon Overview and Level Annotations

Branches:
Dungeon (2/15)

Altars:

Annotations:
D:2 Natasha


Innate Abilities, Weirdness & Mutations

You are resistant to torment.
Your stone body is resilient. (AC +3)
You are immune to poison.
You resist negative energy. (rN+)
You are resistant to electric shocks. (rElec)
You can survive without breathing.
You are immune to petrification.
You are immune to rotting.


Message History

Natasha mumbles some strange words.
Natasha wildly gestures.
Natasha shimmers violently.
Natasha misses you.
You hit Natasha.
Natasha is almost dead.
You hit the white imp. Natasha claws you but does no damage.
The white imp hits you but does no damage.
You closely miss Natasha.
Natasha is almost dead.
You barely miss the white imp.
Natasha stares at you and mumbles some strange words.
You feel yourself slow down. The white imp gestures at you.
The puff of frost hits you.
* * * LOW HITPOINT WARNING * * *
You miss Natasha.
Natasha is almost dead.
You hit the white imp. Natasha claws you!
You die...

### ##................... #
##.#....[............
####.##..#.................
#........##..........#.....
#.##.###.###...#...........
.. #.# #####.....#.....
...#####.##### #...........
...#.......5..#
#.......#### ..
#.......@..# ........# .
#.....$.h............#
#..........####.
#..........# #.........>#
############


You could see Natasha and a white imp.

Vanquished Creatures
  Natasha (D:2)
  A gnoll (D:1)
  An adder (D:2)
  An ooze (D:1)
  A dart slug (D:1)
  A leopard gecko (D:1)
  2 giant cockroaches (D:2)
  6 goblins
  4 hobgoblins
  6 jackals (D:2)
  4 kobolds
  5 bats
  3 frilled lizards (D:1)
  6 rats
42 creatures vanquished.

Notes
Turn   | Place    | Note
-------+----------+-------------------------------------------
     0 | D:1      | Fang the Gargoyle Berserker began the quest for the Orb.
     0 | D:1      | Reached XP level 1. HP: 14/14 MP: 1/1
   319 | D:1      | Reached XP level 2. HP: 17/19 MP: 2/2
   714 | D:1      | Reached XP level 3. HP: 14/24 MP: 3/3
  1187 | D:1      | Reached ** piety under Trog
  1401 | D:2      | Reached XP level 4. HP: 26/29 MP: 4/4
  1455 | D:2      | Reached skill level 4 in Fighting
  1535 | D:2      | Noticed Natasha
  1542 | D:2      | Killed Natasha
  1582 | D:2      | Noticed Natasha
  1595 | D:2      | Slain by Natasha

Skill      XL: |  1  2  3  4 |
---------------+-------------+-----
Axes           | 3 |  3.3
Dodging        | 2 |  2.3
Armour         | 3 |  3.1
Fighting       | 4 |  4.1

Action                   |  1- 3 |  4- 6 || total
-------------------------+-------+-------++-------
Melee: Hand axe          |    96 |    24 ||   120
       War axe           |       |    10 ||    10
 Stab: Sleeping          |     1 |       ||     1
  Eat: Chunk             |     2 |       ||     2
Armor: Animal skin       |    32 |    16 ||    48
Dodge: Dodged            |    66 |    37 ||   103
